 Dungeon Crawl Stone Soup version 0.21-a0-621-gc60411f (webtiles) character file.

14429 nikopol the Cleaver (level 11, -7/101 HPs)
             Began as a Minotaur Berserker on Dec 23, 2017.
             Was a High Priest of Trog.
             Mangled by an orc warrior
             ... wielding a cursed -2 short sword
              (12 damage)
             ... on level 12 of the Dungeon.
             The game lasted 00:41:34 (14433 turns).

nikopol the Cleaver (Minotaur Berserker)           Turns: 14433, Time: 00:41:35

Health: -7/101     AC: 12    Str: 24    XL:     11   Next: 88%
Magic:  10/10      EV: 14    Int:  4    God:    Trog [*****.]
Gold:   533        SH:  0    Dex: 13    Spells: 10/10 levels left

rFire    . . .     SeeInvis .   a - +0 war axe (chop)
rCold    . . .     Gourm    .   (no shield)
rNeg     . . .     Faith    .   d - +0 scale mail
rPois    .         Spirit   .   (helmet restricted)
rElec    .         Reflect  .   J - +0 cloak
rCorr    .         Harm     .   w - +0 pair of gloves
MR       .....                  (no boots)
Stlth    +.........             (no amulet)
HPRegen  0.26/turn              (no ring)
MPRegen  0.12/turn              E - +2 ring of strength

@: starving
A: retaliatory headbutt, horns 2
a: Berserk, Trog's Hand, Brothers in Arms, Burn Spellbooks, Renounce Religion


You were on level 12 of the Dungeon.
You worshipped Trog.
Trog was extremely pleased with you.
You were starving.

You visited 1 branch of the dungeon, and saw 12 of its levels.

You collected 533 gold pieces.

Inventory:

Hand Weapons
 a - a +0 war axe of chopping (weapon)
 y - a +0 hand axe of electrocution
 z - a +0 shortbow of velocity
 H - a +5 dire flail of protection
 I - a +1 shortbow
 K - the +9 flail "Titwoabra" {crush, rC++, unknown}
   (You found it on level 8 of the Dungeon)

   It inflicts extra damage upon your enemies.
   It greatly protects you from cold.
Missiles
 h - 336 arrows
Armour
 d - a +0 scale mail (worn)
 w - a +0 pair of gloves (worn)
 J - a +0 cloak (worn)
Jewellery
 b - an uncursed amulet of harm
 E - a +2 ring of strength (right hand)
Wands
 B - a wand of paralysis (34)
 D - a wand of digging (15)
 G - a wand of random effects (8)
 L - a wand of acid (10)
Scrolls
 e - a scroll of amnesia {unknown}
 f - 8 scrolls of remove curse {unknown}
 i - 6 scrolls of fog {unknown}
 j - 7 scrolls of teleportation
 l - 2 scrolls of blinking {unknown}
 o - 4 scrolls of magic mapping {unknown}
 s - 4 scrolls of enchant weapon
 t - 3 scrolls of enchant armour {unknown}
 u - 2 scrolls of immolation {unknown}
 v - 3 scrolls of random uselessness {unknown}
 x - a scroll of holy word {unknown}
 M - a scroll of brand weapon {unknown}
Potions
 g - a potion of lignification {unknown}
 k - 2 potions of degeneration
 m - 2 potions of mutation
 n - 2 potions of resistance
 p - 5 potions of curing
 q - 2 potions of agility
 r - a potion of brilliance {unknown}
 A - a potion of cancellation
 C - a potion of berserk rage
 F - 2 potions of flight {unknown}
 N - 2 potions of heal wounds {unknown}
Comestibles
 c - 20 rations


   Skills:
 + Level 10.5 Fighting
 + Level 12.9 Axes
 + Level 8.9 Bows
 + Level 11.0 Armour
 + Level 7.0 Dodging
 + Level 2.5 Stealth


You had 10 spell levels left.
You didn't know any spells.

Dungeon Overview and Level Annotations

Branches:
Dungeon (12/15)            Temple (0/1) D:6            Lair (0/6) D:11
    Orc: D:9-12

Altars:
Cheibriados
Fedhas
Kikubaaqudgha
Nemelex Xobeh
Okawaru
Ru
Trog
Vehumet
Xom
Zin

Shops:
D:10 %

Portals:
Trove: D:10 (give +3 shadow dragon scales)

Annotations:
D:9 2 runed doors
D:12 M4edhros's ghost, journeyman OpAr


Innate Abilities, Weirdness & Mutations

You reflexively headbutt those who attack you in melee.
You have a pair of horns on your head.


Message History

The water elemental hits you.
The water elemental engulfs you in water!
You see here an arrow.
With effort, you pull free of the water engulfing you.
You gasp with relief as air once again reaches your lungs.
A hippogriff comes into view.
The hippogriff screeches!
Something barely misses you. M4edhros's ghost hits you.
* * * LOW HITPOINT WARNING * * *
The adder closely misses you. The water elemental hits you!
* * * LOW HITPOINT WARNING * * *
The water elemental engulfs you in water!
The hungry ghost barely misses you. M4edhros's ghost closely misses you.
The adder completely misses you.
A brown ugly thing comes into view.
With effort, you pull free of the water engulfing you.
You gasp with relief as air once again reaches your lungs.
The brown ugly thing gurgles horribly!
You hear a shout!
The orc warrior hits you with a short sword!
You die...

... ... #.# #.# ###..#
#.## ##....#####..#
##.....#[((#.(#
###......#%?)#..####
#.H@.W.T.##+##......
#.H..oWES..c..O..(.####
.u.....hE.J.J.(.((...รท5.
#..............((...####
#...................#
#............########
#........"...#
#............# #.


You could see a brown ugly thing, 2 slime creatures, 2 hippogriffs, 2 water
elementals, a troll, a hungry ghost, a warg, an orc warrior, a centaur,
M4edhros's ghost and an adder.

Vanquished Creatures
  Harold (D:10)
  A vault guard (D:10)
  3 two-headed ogres
  An ugly thing (D:11)
  A cyclops (D:11)
  A manticore (D:11)
  A guardian serpent (D:12)
  A redback zombie (D:9)
  2 trolls
  A hornet (D:10)
  A hippogriff (D:11)
  A vampire (D:10)
  9 yaks
  Sigmund (D:2)
  A steam dragon (D:8)
  2 hungry ghosts
  Menkaure (D:6)
  Edmund (D:6)
  An acid dragon (D:11)
  A hornet zombie (D:9)
  3 black bears
  5 orc warriors
  2 ice beasts
  3 sky beasts
  A phantom (D:5)
  7 centaurs
  5 ogres
  4 bullfrogs
  A gnoll sergeant (D:8)
  A wyvern skeleton (D:10)
  2 scorpions
  16 killer bees
  4 wights (D:11)
  4 electric eels (D:7)
  The ghost of Amnesiac the Changer, a weakling OpTm (D:3)
  6 howler monkeys
  2 crimson imps
  2 centaur zombies
  3 bullfrog skeletons
  2 quasits
  11 hounds
  5 jellies
  A gnoll shaman (D:8)
  8 orc priests
  12 orc wizards
  Crazy Yiuf (D:7)
  Jessica (D:4)
  5 iguanas
  Natasha (twice) (D:2)
  9 worker ants
  A killer bee zombie (D:10)
  3 hound zombies
  A hound skeleton (D:6)
  2 worker ant zombies
  6 gnolls
  A howler monkey skeleton (D:5)
  17 adders
  A shadow imp (D:8)
  6 oozes
  An adder zombie (D:5)
  An adder skeleton (D:8)
  5 worms
  A dart slug (D:1)
  4 leopard geckos
  33 orcs
  2 ball pythons
  6 giant cockroaches
  2 goblins
  5 hobgoblins
  15 jackals
  3 quokkas
  10 bats
  4 frilled lizards
  5 kobolds
  2 rats (D:1)
  A plant (D:7)
299 creatures vanquished.

Vanquished Creatures (others)
  2 orcs (D:8)
2 creatures vanquished.

Grand Total: 301 creatures vanquished

Notes
Turn   | Place    | Note
-------+----------+-------------------------------------------
     0 | D:1      | nikopol the Minotaur Berserker began the quest for the Orb.
     0 | D:1      | Reached XP level 1. HP: 19/19 MP: 0/0
   146 | D:1      | Reached XP level 2. HP: 25/27 MP: 1/1
   274 | D:1      | Reached skill level 4 in Axes
   552 | D:2      | Reached XP level 3. HP: 26/34 MP: 2/2
   841 | D:2      | Noticed Jessica
   920 | D:2      | Reached ** piety under Trog
  1058 | D:2      | Noticed Natasha
  1061 | D:2      | Killed Natasha
  1061 | D:2      | Reached XP level 4. HP: 41/41 MP: 3/3
  1082 | D:2      | Noticed Sigmund
  1095 | D:2      | Killed Sigmund
  1095 | D:2      | Reached skill level 5 in Fighting
  1095 | D:2      | Reached skill level 5 in Axes
  1095 | D:2      | Reached XP level 5. HP: 48/48 MP: 4/4
  1149 | D:2      | Noticed Natasha
  1159 | D:2      | Killed Natasha
  1533 | D:3      | Reached XP level 6. HP: 53/56 MP: 5/5
  1836 | D:3      | Found an iron altar of Okawaru.
  1878 | D:3      | Noticed Amnesiac's ghost (weakling OpTm)
  1882 | D:3      | Killed Amnesiac's ghost
  2107 | D:3      | Reached skill level 1 in Stealth
  2107 | D:3      | Reached skill level 6 in Axes
  2506 | D:4      | Killed Jessica
  2540 | D:4      | Reached XP level 7. HP: 61/61 MP: 6/6
  2734 | D:4      | Found a bloodstained altar of Trog.
  2829 | D:4      | Reached skill level 5 in Armour
  3023 | D:4      | Found a snail-covered altar of Cheibriados.
  3023 | D:4      | Found a blossoming altar of Fedhas.
  3119 | D:4      | Found a shimmering altar of Xom.
  3123 | D:4      | Found a radiant altar of Vehumet.
  3123 | D:4      | Found an ancient bone altar of Kikubaaqudgha.
  3131 | D:4      | Found a glowing silver altar of Zin.
  3134 | D:4      | Found a sparkling altar of Nemelex Xobeh.
  3219 | D:4      | Reached *** piety under Trog
  3441 | D:4      | Found a sacrificial altar of Ru.
  3497 | D:5      | Entered Level 5 of the Dungeon
  3502 | D:5      | Reached skill level 7 in Axes
  3853 | D:5      | Reached XP level 8. HP: 70/70 MP: 7/7
  4047 | D:5      | Reached skill level 1 in Bows
  4458 | D:6      | Found a sacrificial altar of Ru.
  4508 | D:6      | Reached skill level 8 in Axes
  4788 | D:6      | You fall through a shaft for 3 floors!
  4974 | D:9      | Reached skill level 5 in Bows
  5028 | D:9      | Reached XP level 9. HP: 69/79 MP: 8/8
  5161 | D:9      | Reached **** piety under Trog
  5373 | D:8      | Noticed a two-headed ogre
  5383 | D:8      | HP: 2/118 [two-headed ogre/giant club (16)]
  5384 | D:8      | Killed a two-headed ogre
  5384 | D:8      | Reached skill level 9 in Axes
  5784 | D:8      | Reached skill level 5 in Dodging
  7008 | D:7      | Reached XP level 10. HP: 81/88 MP: 9/9
  8085 | D:6      | Noticed Menkaure
  8088 | D:6      | Killed Menkaure
  8107 | D:6      | Found a staircase to the Ecumenical Temple.
  8122 | D:6      | Noticed Edmund
  8129 | D:6      | Killed Edmund
  8223 | D:6      | Reached skill level 10 in Axes
  8678 | D:7      | Found a runed door.
  8682 | D:7      | Noticed Crazy Yiuf
  8688 | D:7      | Killed Crazy Yiuf
  9265 | D:8      | Got a sapphire flail
 10129 | D:9      | Noticed a two-headed ogre
 10138 | D:9      | Killed a two-headed ogre
 10149 | D:9      | Reached skill level 10 in Armour
 10150 | D:9      | Reached ***** piety under Trog
 10165 | D:9      | Reached skill level 11 in Axes
 10178 | D:9      | Found a runed door.
 10199 | D:9      | Found a snail-covered altar of Cheibriados.
 10293 | D:9      | Found a runed door.
 10293 | D:9      | Noticed an ice dragon
 10294 | D:9      | Found the +2 shield of Resistance {rF+ rC+ MR+}
 10294 | D:9      | Noticed a fire dragon
 10294 | D:9      | Noticed an ice dragon
 10295 | D:9      | Noticed a fire dragon
 10697 | D:10     | Entered Level 10 of the Dungeon
 10699 | D:10     | Noticed Harold
 10708 | D:10     | Killed Harold
 10708 | D:10     | Reached XP level 11. HP: 97/97 MP: 10/10
 10837 | D:10     | Received a gift from Trog
 11357 | D:10     | Paralysed by a hornet for 1 turns
 11639 | D:10     | Found Vaha's Food Shoppe.
 11735 | D:10     | Noticed a vault guard
 11748 | D:10     | Killed a vault guard
 11748 | D:10     | Reached skill level 12 in Axes
 11863 | D:10     | Found a portal to a secret trove of treasure.
 11905 | D:10     | Found a blossoming altar of Fedhas.
 12292 | D:11     | Noticed a two-headed ogre
 12297 | D:11     | Killed a two-headed ogre
 12297 | D:11     | Reached skill level 10 in Fighting
 12492 | D:11     | Received a gift from Trog
 12497 | D:11     | Noticed a green ugly thing
 12503 | D:11     | HP: 4/99 [acid (11)]
 12882 | D:11     | Killed a green ugly thing
 12985 | D:11     | Paralysed by fainting for 8 turns
 13024 | D:11     | Paralysed by fainting for 8 turns
 13526 | D:11     | Found a staircase to the Lair.
 13619 | D:11     | Received a gift from Trog
 14430 | D:12     | Noticed M4edhros's ghost (journeyman OpAr)
 14432 | D:12     | HP: 4/101 [water elemental (9)]
 14433 | D:12     | Noticed a brown ugly thing
 14433 | D:12     | Mangled by an orc warrior

Vault maps used:
D:1:      grunt_arrival_lava_bath, minmay_misc_feat_secret_circle,
          minmay_pentomino_o2
D:2:      first_ration, uniq_jessica, uniq_natasha, uniq_sigmund
D:3:      okawaru_trees_2
D:4:      bloody_trog, minmay_overflow_temple_star_hex, lemuel_round_altar,
          gammafunk_temple_overflow_statue, hangedman_abyss_or_decor_passed,
          hangedman_feature_mirror, amethyst_killhole,
          minmay_misc_feat_enclosed, minmay_bisected
D:5:      st_stairs_9, kennysheep_generic_room_8
D:6:      temple_statues, basic_altar, uniq_menkaure, uniq_edmund
D:7:      serial_bayou_lagoon_b, uniq_crazy_yiuf_cottage
D:8:      hangedman_little_slice_of_home, st_stairs_5
D:9:      basic_altar, minmay_guarded_unrand_resistance
D:10:     enter_trove_5, serial_shops, shop_statue, basic_altar, uniq_harold
D:11:     lair_entry_dummy
D:12:     david_orc_1_choice, nrook_guardian_serpent_double

Skill      XL: |  1  2  3  4  5  6  7  8  9 10 11 |
---------------+----------------------------------+-----
Axes           | 4 5 6 7 8 9 11 12 | 12.9
Fighting       | 4 5 6 7 8 9 10 | 10.5
Dodging        | 3 4 5 6 7 |  7.0
Armour         | 3 4 6 8 10 11 | 11.0
Stealth        | 1 2 |  2.5
Bows           | 5 7 8 |  8.9

Action                   |  1- 3 |  4- 6 |  7- 9 | 10-12 || total
-------------------------+-------+-------+-------+-------++-------
Melee: Hand axe          |    60 |    65 |   222 |   403 ||   750
       Headbutt          |    15 |     9 |    48 |    83 ||   155
       War axe           |       |       |       |    19 ||    19
       Unarmed           |       |       |       |     6 ||     6
 Fire: Shortbow          |       |       |    74 |    58 ||   132
Invok: Berserk           |       |     2 |     2 |     8 ||    12
       Burn Spellbooks   |       |       |       |     2 ||     2
       Trog's Hand       |       |       |       |     1 ||     1
  Use: Scroll            |       |       |       |    11 ||    11
  Eat: Chunk             |       |     7 |    13 |    27 ||    47
       Ration            |       |       |     1 |     1 ||     2
Armor: Scale mail        |    25 |    28 |    72 |   144 ||   269
       Animal skin       |     3 |       |       |       ||     3
       Skin              |       |       |       |    13 ||    13
Dodge: Dodged            |    34 |    39 |   141 |   267 ||   481

Table legend:
 A = Spawn XP
 B = Non-spawn XP
 C = Spawn XP percentage of total XP
 D = Spawn monster count
 E = Non-spawn monster count
 F = Spawn count percentage of total count
 G = Total turns spent on level
                    A         B        C        D         E        F      G
               +---------+---------+-------+---------+---------+-------+---------
         Total |       0 |   20613 |   0.0 |       0 |     298 |   0.0 | 14433
               +---------+---------+-------+---------+---------+-------+---------
           D:1 |       0 |      28 |   0.0 |       0 |      17 |   0.0 |   503
           D:2 |       0 |     340 |   0.0 |       0 |      16 |   0.0 |   998
           D:3 |       0 |     303 |   0.0 |       0 |      22 |   0.0 |   982
           D:4 |       0 |     409 |   0.0 |       0 |      20 |   0.0 |  1014
           D:5 |       0 |     640 |   0.0 |       0 |      19 |   0.0 |   939
           D:6 |       0 |     957 |   0.0 |       0 |      17 |   0.0 |   894
           D:7 |       0 |    1836 |   0.0 |       0 |      38 |   0.0 |  2805
           D:8 |       0 |    2796 |   0.0 |       0 |      36 |   0.0 |  1518
           D:9 |       0 |    3400 |   0.0 |       0 |      30 |   0.0 |  1044
          D:10 |       0 |    4157 |   0.0 |       0 |      36 |   0.0 |  1959
          D:11 |       0 |    5176 |   0.0 |       0 |      43 |   0.0 |  1402
          D:12 |       0 |     571 |   0.0 |       0 |       4 |   0.0 |   375
               +---------+---------+-------+---------+---------+-------+---------
